 Dungeon Crawl Stone Soup version 0.30-a0-919-g9323dee000 (webtiles) character file.

Game seed: 11927032986122816611

569 Aequonox the Chiller (level 7, 0/50 HPs)
             Began as a Human Ice Elementalist on Mar 21, 2023.
             Was an Initiate of Ru.
             Killed by nerve-wracking pain
             ... invoked by Grinder
              (12 damage)
             ... on level 4 of the Dungeon.
             The game lasted 00:14:04 (4982 turns).

Aequonox the Chiller (Human Ice Elementalist)       Turns: 4982, Time: 00:14:05

Health: 0/50       AC:  9    Str: 10    XL:     7   Next: 60%
Magic:  6/13       EV: 13    Int: 21    God:    Ru [......]
Gold:   219        SH:  0    Dex: 14    Spells: 7/14 levels left

rFire   . . .      SeeInvis .    d - +2 dagger (holy)
rCold   . . .      Faith    .    (no shield)
rNeg    . . .      Spirit   .    p - +1 leather armour of Gravity {rPois Will- Int+6}
rPois   +          Reflect  .    (no helmet)
rElec   .          Rampage  .    (no cloak)
rCorr   .          Rnd*Tele +    (no gloves)
Will    .....                    (no boots)
Stlth   ++                       (no amulet)
HPRegen 0.28/turn                j - ring of willpower
MPRegen 0.13/turn                (no ring)

@: ice-armoured
A: robust 1, teleportitis 1
a: Renounce Religion


You were on level 4 of the Dungeon.
You worshipped Ru.
Ru was noncommittal.
You visited 1 branch of the dungeon, and saw 4 of its levels.
You also visited: Sewer.

You collected 219 gold pieces.

Inventory:

Hand Weapons
 d - a +2 dagger of holy wrath (weapon)
 v - a +1 short sword of protection
Missiles
 w - a throwing net
Armour
 a - a +0 robe
 p - the +1 leather armour of Gravity (worn) {rPois Will- Int+6}
   (You found it on level 2 of the Dungeon)

   Int:       It affects your intelligence (+6).
   rPois:     It protects you from poison.
   Will:      It decreases your willpower.
 q - a +0 pair of gloves
 r - a +3 chain mail
Magical Staves
 u - a staff of air
Jewellery
 j - a ring of willpower (left hand)
 E - a ring of flight
Wands
 A - a wand of digging (3)
Scrolls
 e - 2 scrolls of poison {unknown}
 f - 3 scrolls of amnesia
 g - a scroll of brand weapon {unknown}
 i - a scroll of identify
 k - 3 scrolls of teleportation
 s - a scroll of acquirement {unknown}
 t - a scroll of vulnerability {unknown}
 x - 3 scrolls of blinking {unknown}
 y - 2 scrolls of enchant armour {unknown}
 B - a scroll of immolation {unknown}
 F - a scroll of silence {unknown}
 G - a scroll of fear {unknown}
Potions
 b - a potion of magic
 c - a potion of attraction {unknown}
 h - a potion of heal wounds {unknown}
 l - 2 potions of might
 m - a potion of curing {unknown}
 n - 3 potions of haste
 o - a potion of resistance {unknown}
 z - 3 potions of flight
 C - 3 potions of cancellation {unknown}
 D - a potion of degeneration {unknown}


   Skills:
 + Level 4.3 Dodging
 - Level 4.0 Stealth
 + Level 4.1 Spellcasting
 + Level 5.6 Ice Magic


You had 7 spell levels left.
You knew the following spells:

 Your Spells              Type           Power      Damage    Failure   Level
a - Freeze                Ice            100%       1d10      1%          1
b - Frozen Ramparts       Ice            54%        1d9       4%          3
c - Ozocubu's Armour      Ice            27%        N/A       4%          3

Your spell library contained the following spells:

 Spells                   Type           Power      Damage    Failure   Level
 Summon Ice Beast         Ice/Summ       16%        N/A       45%         4


Dungeon Overview and Level Annotations

Branches:
Dungeon (4/15)              Sewer (visited)
 Temple: D:4-7

Altars:
Makhleb
Ru
Trog

Portals:
Abyss: D:1***

Annotations:
D:4 Grinder


Innate Abilities, Weirdness & Mutations

You are robust. (+10% HP)
You are occasionally teleported next to monsters.


Message History

Confirm with . or Enter, or press ? or * to list all spells.
A film of ice covers your body! Grinder hits you!
You writhe in agony.
You are too injured to fight recklessly!
Casting: Ozocubu's Armour (dangerous; 4% risk of failure)
Confirm with . or Enter, or press ? or * to list all spells.
Aiming: Freeze (safe; 1% risk of failure)
Press: ? - help, Shift-Dir - straight line, f/p - Grinder
Aim: Grinder (lightly wounded)
You freeze Grinder.
Grinder resists.
Grinder is lightly wounded.
Grinder closely misses you.
Casting: Freeze (safe; 1% risk of failure)
Confirm with . or Enter, or press ? or * to list all spells.
Aiming: Freeze (safe; 1% risk of failure)
Press: ? - help, Shift-Dir - straight line, f/p - Grinder
Aim: Grinder (lightly wounded)
You freeze Grinder but do no damage.
Grinder completely resists.
Grinder hits you!
* * * LOW HITPOINT WARNING * * *
You writhe in agony.
* * * LOW HITPOINT WARNING * * *
You hit Grinder.
Grinder convulses.
Grinder is lightly wounded.
Grinder gestures at you. You resist with significant effort.
You hit Grinder but do no damage.
Grinder is lightly wounded.
Grinder misses you.
You closely miss Grinder.
Grinder is lightly wounded.
Grinder closely misses you.
You hit Grinder.
Grinder convulses.
Grinder is moderately wounded.
Grinder hits you.
* * * LOW HITPOINT WARNING * * *
You hit Grinder.
Grinder convulses.
Grinder is moderately wounded.
Grinder gestures at you. Pain shoots through your body!
You die...

.###.......<.....#
#...>....
.................#
#########
#####..........###
##........##
##........##
#..........#
#..........#
#..........#
#.....5@...#
#..........#
##........##
##......##
########


You could see Grinder.

Vanquished Creatures
  2 bullfrogs (Sewer)
  A scorpion (D:4)
  A hound (D:4)
  An iguana (D:4)
  2 orc wizards
  6 adders
  4 gnolls
  6 river rats (Sewer)
  A worm (D:2)
  A dart slug (D:1)
  8 orcs
  7 endoplasms
  4 giant cockroaches
  3 goblins
  9 hobgoblins
  7 kobolds
  3 quokkas
  23 ball pythons
  6 bats
  6 frilled lizards
  31 rats
132 creatures vanquished.

Notes
Turn   | Place    | Note
-------+----------+-------------------------------------------
     0 | D:1      | Aequonox the Human Ice Elementalist began the quest for the
                  | Orb.
     0 | D:1      | Reached XP level 1. HP: 13/13 MP: 3/3
   195 | D:1      | Reached XP level 2. HP: 12/19 MP: 1/5
   334 | D:1      | Reached XP level 3. HP: 24/24 MP: 4/6
   844 | D:2      | Reached XP level 4. HP: 12/30 MP: 0/7
  1598 | D:2      | Identified the +1 leather armour of Gravity {rPois Will-
                  | Int+6}
  2208 | D:3      | Reached XP level 5. HP: 35/35 MP: 5/9
  2597 | D:3      | Found a burning altar of Makhleb.
  2597 | D:3      | Noticed an Executioner
  2731 | D:3      | Noticed an orange demon
  2731 | D:3      | Noticed a hellwing
  3203 | D:4      | Reached XP level 6. HP: 41/41 MP: 8/10
  3208 | D:4      | Found a glowing drain.
  3229 | Sewer    | Entered a sewer
  3523 | Sewer    | Reached skill level 5 in Ice Magic
  4177 | Sewer    | HP: 2/41 [poisoned by an adder]
  4180 | Sewer    | Gained mutation: You expend magic power (3 MP) to
                  | strengthen your wands. [potion of mutation]
  4180 | Sewer    | Gained mutation: You occasionally shout uncontrollably at
                  | your foes. [potion of mutation]
  4181 | Sewer    | Lost mutation: You occasionally shout uncontrollably at
                  | your foes. [potion of mutation]
  4181 | Sewer    | Lost mutation: You expend magic power (3 MP) to strengthen
                  | your wands. [potion of mutation]
  4181 | Sewer    | Gained mutation: You are occasionally teleported next to
                  | monsters. [potion of mutation]
  4181 | Sewer    | Gained mutation: You are robust. (+10% HP) [potion of
                  | mutation]
  4351 | Sewer    | Reached XP level 7. HP: 32/50 MP: 6/12
  4729 | D:4      | Noticed Grinder
  4768 | D:4      | Learned a level 3 spell: Frozen Ramparts
  4772 | D:4      | Learned a level 3 spell: Ozocubu's Armour
  4931 | D:4      | Paralysed by Grinder for 2 turns
  4936 | D:3      | Found a bloodstained altar of Trog.
  4936 | D:3      | Found a sacrificial altar of Ru.
  4954 | D:3      | Became a worshipper of Ru the Awakened
  4967 | D:4      | Paralysed by Grinder for 5 turns
  4982 | D:4      | Killed from afar by Grinder

Illustrated notes

Levels and vault maps discovered:
D:1:      minmay_arrival_glassed_features, layout_basic, hex_large
D:2:      layout_basic, grunt_ministairs_1, minmay_misc_feat_rugged,
          minmay_misc_feat_hallway, amcnicky_mini_pool_small
D:3:      layout_loops_ring, makhleb_altar_promises_db,
          nicolae_overflow_hidden_temple, chequers_serial_rivers_small_3
D:4:      layout_rooms, portal_sewer_entry_a, uniq_grinder

Skill      XL: |  1  2  3  4  5  6  7 |
---------------+----------------------+-----
Stealth        | 3 4 |  4.0
Dodging        | 3 4 |  4.3
Spellcasting   | 3 4 |  4.1
Ice Magic      | 5 |  5.6

Action                     |  1- 3 |  4- 6 |  7- 9 || total
---------------------------+-------+-------+-------++-------
  Melee: Dagger            |    27 |    91 |     6 ||   124
   Cast: Freeze            |    30 |   118 |    41 ||   189
         Ozocubu's Armour  |       |       |     1 ||     1
    Use: Scroll            |       |     5 |       ||     5
         Potion            |       |     3 |       ||     3
   Stab: Sleeping          |     3 |     4 |       ||     7
 Armour: Robe              |     7 |     4 |       ||    11
         Leather armour    |       |    40 |     7 ||    47
  Dodge: Dodged            |    42 |   140 |    34 ||   216

Table legend: (Time is in decaauts)
 A = Elapsed time spent in this place.
 B = Non-inter-level travel time spent in this place.
 C = Inter-level travel time spent in this place.
 D = Time resting spent in this place.
 E = Time spent auto-exploring this place.
 F = Levels seen in this place.
 G = Mean time per level.
                   A        B        C        D        E       F      G
               +--------+--------+--------+--------+--------+-----+--------+
         Total |   5114 |   4762 |    352 |     48 |   3550 |   5 | 1022.8 |
       Dungeon |   3633 |   3281 |    352 |      0 |   2545 |   4 |  908.2 |
         Sewer |   1480 |   1480 |      0 |     48 |   1005 |   1 | 1480.0 |
               +--------+--------+--------+--------+--------+-----+--------+

Top non-repeatable levels by time:
   Sewer: 1480 daAuts
     D:2: 1188 daAuts
     D:3: 1088 daAuts
     D:1: 810 daAuts
     D:4: 546 daAuts
